 Dungeon Crawl Stone Soup version 0.30-a0-121-gb27577e5d9 (webtiles) character file.

Game seed: 4404997615760379377

11683 MirrMurr the Skirmisher (level 11, -9/58 HPs)
             Began as a Spriggan Hunter on Sept 14, 2022.
             Was a High Priest of Okawaru.
             Shot with an arrow by a centaur warrior (24 damage)
             ... on level 10 of the Dungeon.
             The game lasted 00:29:07 (17209 turns).

MirrMurr the Skirmisher (Spriggan Hunter)          Turns: 17209, Time: 00:29:08

Health: -9/58      AC:  8    Str: 13    XL:     11   Next: 52%
Magic:  16/16      EV: 25    Int: 11    God:    Okawaru [*****.]
Gold:   647        SH:  0    Dex: 23    Spells: 10/10 levels left

rFire   . . .      SeeInvis +    a - +0 arbalest
rCold   . . .      Faith    .    (shield currently unavailable)
rNeg    + . .      Spirit   .    x - +0 acid dragon scales
rPois   .          Reflect  .    (helmet restricted)
rElec   .          Harm     .    k - +1 cloak
rCorr   +          Rampage  .    (gloves unavailable)
Will    +....                    (boots unavailable)
Stlth   +++++.....               p - amulet of the acrobat
HPRegen 0.19/turn                r - ring of positive energy
MPRegen 0.15/turn                H - +6 ring of strength

@: studying Fighting, very quick
A: very small, no large weapons, unfitting armour, see invisible, speed 3
a: Renounce Religion, Heroism, Finesse, Duel


You were on level 10 of the Dungeon.
You worshipped Okawaru.
Okawaru was extremely pleased with you.
You visited 2 branches of the dungeon, and saw 11 of its levels.
You also visited: Sewer and Ossuary.

You collected 647 gold pieces.

Inventory:

Hand Weapons
 a - a +0 arbalest (weapon)
 b - a +1 dagger of venom
 w - a +2 dagger of holy wrath
 L - a +1 shortbow of flaming
Missiles
 d - a throwing net
 f - 125 stones
 g - 23 poisoned darts
 B - a curare-tipped dart
 K - 4 boomerangs
Armour
 k - a +1 cloak (worn)
 x - +0 acid dragon scales (worn)
 y - a +0 buckler
Jewellery
 p - an amulet of the acrobat (around neck)
 r - a ring of positive energy (left hand)
 u - a ring of flight
 F - an amulet of reflection
 H - a +6 ring of strength (right hand)
Wands
 l - a wand of mindburst (29)
 v - a wand of roots (6)
 A - a wand of quicksilver (5)
 E - a wand of paralysis (5)
Scrolls
 c - a scroll of enchant weapon {unknown}
 h - 4 scrolls of immolation
 C - 5 scrolls of teleportation
 D - 2 scrolls of fear
 I - a scroll of poison
 N - a scroll of magic mapping {unknown}
Potions
 e - 4 potions of lignification
 i - a potion of resistance {unknown}
 j - a potion of mutation {unknown}
 m - 2 potions of flight
 n - 3 potions of magic
 o - 5 potions of heal wounds
 q - 6 potions of curing
 s - 3 potions of might
 t - a potion of invisibility {unknown}
 z - 4 potions of haste {unknown}
 G - a potion of ambrosia {unknown}
 J - a potion of berserk rage {unknown}
 M - a potion of cancellation {unknown}


   Skills:
 + Level 7.1 Fighting
 - Level 14.0 Ranged Weapons
 - Level 10.0 Dodging
 - Level 10.0 Stealth
 + Level 5.5 Invocations


You had 10 spell levels left.
You didn't know any spells.
Your spell library contained the following spells:

 Spells                   Type           Power      Damage    Failure   Level
 Ensorcelled Hibernation  Hex/Ice        0%         N/A       61%         2
 Passwall                 Tmut/Erth      0%         N/A       61%         2
 Swiftness                Air            0%         N/A       83%         3


Dungeon Overview and Level Annotations

Branches:
Dungeon (10/15)            Temple (1/1) D:5            Lair (0/5) D:9
  Sewer (visited)         Ossuary (visited)
    Orc: D:9-12

Altars:
Ashenzari
Cheibriados
Dithmenos
Elyvilon
Fedhas
Gozag
Hepliaklqana
Kikubaaqudgha
Makhleb
Nemelex Xobeh
Okawaru
Qazlal
Ru
Sif Muna
Trog
Uskayaw
Vehumet
Wu Jian
Xom
Yredelemnul
Zin
The Shining One

Shops:
D:6 ?

Annotations:
D:5 2 runed translucent doors, exclusion: downstairs, Plasmagod's ghost, amateur DjIE
D:6 Dowan; Duvessa
D:9 1 runed translucent door, BritishOli's ghost, novice DsFi


Innate Abilities, Weirdness & Mutations

You are very small and have problems with some larger weapons.
You are too small for most types of armour.
You have supernaturally acute eyesight. (SInv)
You cover ground extremely quickly. (Speed+++)


Message History

There is a stone staircase leading up here.
You see here a +0 dagger.
Items here: ))) [.
Things that are here:
a +0 chain mail; a +0 mace You see here a +0 dagger.
You see here a +0 whip.
You see here a +0 dagger.
You see here a +0 short sword.
You see here a +0 short sword.
Things that are here:
a +0 robe; a +0 dagger You shoot a bolt.
The bolt hits the ogre mage!
The ogre mage is moderately wounded.
You shoot a bolt. The bolt barely misses the ogre mage.
You hear a shout!
The ogre mage gestures wildly while chanting.
The ogre mage flickers and vanishes for a moment.
The centaur warrior shoots an arrow.
The arrow hits you!!
You shoot a bolt. The bolt hits the centaur warrior!
The centaur warrior is lightly wounded.
You hear a shout!
The centaur warrior shoots an arrow.
The arrow completely misses you.
An orc priest comes into view. It is wielding a +0 whip.
The centaur warrior shoots an arrow.
The arrow misses you.
The orc priest moves out of view.
The centaur warrior shoots an arrow.
The arrow completely misses you.
The centaur warrior shoots an arrow.
The arrow completely misses you.
There is a stone staircase leading up, spattered with blood here.
You see here a +2 robe of fire resistance.
You shoot a bolt. The bolt hits the orc wizard!!
You kill the orc wizard!
Okawaru accepts your kill.
The centaur warrior shoots an arrow.
The arrow hits you!!
* * * LOW HITPOINT WARNING * * *
The ogre mage gestures at you while chanting.
You resist with almost no effort.
The centaur warrior shoots an arrow.
The arrow barely misses you.
The centaur warrior shoots an arrow.
The arrow hits you!!
You die...

#..####..###....## #.....##...##
.##..####.#......###...........##
#.O#####...##...##._8_........#
#..##..#.....###..##.............
#..##..#...c###...##........(...#
.......###.o)##...##.#.###.....##
######.'.....=...###...# ##...##
# ##########O...####.### ##.##
###).)....####[.@.)).# ###
..)))..).......#####.#
################ #.# # #.# # #>#
# #.# ##### #.# ....#
############.#
###.#####............#


You could see a centaur warrior, an ogre mage (invisible) and an orc priest.

Vanquished Creatures
  A two-headed ogre (D:7)
  4 lindwurms (D:10)
  A cyclops (D:10)
  Psyche (D:8)
  A kobold demonologist (D:10)
  An unseen horror (D:10)
  Prince Ribbit (D:6)
  A hornet (D:10)
  2 trolls (D:9)
  10 yaks
  A wyvern (D:9)
  Eustachio (D:4)
  3 acid dragons
  5 water moccasins
  An ice beast (D:6)
  7 orc warriors
  A sky beast (D:7)
  2 black bears
  2 wolves
  5 centaurs
  2 phantoms
  3 kobold brigands
  2 bullfrogs
  2 scorpions
  8 wights (D:8)
  10 killer bees
  3 electric eels (D:9)
  2 howler monkeys (D:9)
  2 centaur zombies (Ossuary)
  3 orc priests
  3 human zombies (Ossuary)
  5 jellies
  8 hounds
  3 iguanas
  12 orc wizards
  3 mummies (Ossuary)
  2 hound zombies (Ossuary)
  10 adders
  8 gnolls
  3 shadow imps
  2 ufetubi
  7 adder zombies (Ossuary)
  A worm (D:3)
  2 dart slugs
  27 orcs
  10 ball pythons
  7 endoplasms
  2 giant cockroaches
  A gnoll zombie (Ossuary)
  4 goblins
  7 hobgoblins
  4 quokkas
  2 bats
  A frilled lizard (D:2)
  5 goblin zombies (Ossuary)
  2 hobgoblin zombies (Ossuary)
  2 jackal zombies (Ossuary)
  20 kobolds
  2 kobold zombies (Ossuary)
  3 orc zombies (Ossuary)
  3 quokka zombies (Ossuary)
  8 rats
  3 rat zombies (Ossuary)
270 creatures vanquished.

Vanquished Creatures (others)
  An unseen horror (D:10)
1 creature vanquished.

Grand Total: 271 creatures vanquished

Notes
Turn   | Place    | Note
-------+----------+-------------------------------------------
     0 | D:1      | MirrMurr the Spriggan Hunter began the quest for the Orb.
     0 | D:1      | Reached XP level 1. HP: 10/10 MP: 2/2
   321 | D:1      | Reached XP level 2. HP: 14/14 MP: 3/3
   855 | D:2      | Reached XP level 3. HP: 18/18 MP: 4/4
  1429 | D:2      | Reached XP level 4. HP: 22/22 MP: 5/5
  1768 | D:3      | Found a glowing drain.
  1777 | Sewer    | Entered a sewer
  1811 | Sewer    | Noticed Pargi
  2117 | D:3      | Reached skill level 5 in Ranged Weapons
  2132 | D:3      | Found a faded altar of an unknown god.
  2745 | D:4      | Identified a scroll of acquirement
  2745 | D:4      | Acquired a manual of Fighting
  2827 | D:4      | Reached XP level 5. HP: 25/25 MP: 6/6
  4058 | D:4      | Noticed Eustachio
  4142 | D:4      | Killed Eustachio
  4143 | D:4      | Reached skill level 6 in Ranged Weapons
  4143 | D:4      | Reached skill level 5 in Dodging
  4143 | D:4      | Reached skill level 5 in Stealth
  4143 | D:4      | Reached XP level 6. HP: 15/30 MP: 7/7
  4455 | D:4      | Noticed a water moccasin
  5379 | D:4      | Killed a water moccasin
  5380 | D:4      | Reached XP level 7. HP: 33/33 MP: 8/8
  5393 | D:5      | Entered Level 5 of the Dungeon
  5477 | D:5      | Found a staircase to the Ecumenical Temple.
  5516 | Temple   | Entered the Ecumenical Temple
  5623 | Temple   | Became a worshipper of Warmaster Okawaru
  5795 | D:5      | Found a runed translucent door.
  5814 | D:5      | Reached skill level 7 in Ranged Weapons
  6077 | D:5      | Found a runed translucent door.
  6126 | D:5      | Noticed Plasmagod's ghost (amateur DjIE)
  6473 | D:5      | HP: 1/33 [centaur/arrow (4)]
  7399 | D:6      | Noticed Duvessa
  7399 | D:6      | Noticed Dowan
  7545 | D:6      | Noticed Prince Ribbit
  7560 | D:6      | Killed Prince Ribbit
  7560 | D:6      | Reached * piety under Okawaru
  7561 | D:6      | Reached skill level 8 in Ranged Weapons
  7561 | D:6      | Reached XP level 8. HP: 37/37 MP: 9/9
  7701 | D:6      | Found a stormy altar of Qazlal.
  7848 | D:6      | Found Qamimp's Magic Scroll Shop.
  8259 | D:6      | Reached skill level 9 in Ranged Weapons
  8530 | D:7      | Noticed a two-headed ogre
  8550 | D:7      | Killed a two-headed ogre
  8550 | D:7      | Reached ** piety under Okawaru
  8551 | D:7      | Reached XP level 9. HP: 41/41 MP: 10/10
  8828 | D:7      | Found a shadowy altar of Dithmenos.
  8829 | D:7      | Found a hazy altar of Hepliaklqana.
  8971 | D:7      | Found a sand-covered staircase.
  8979 | Ossuary  | Entered an ossuary
  9098 | Ossuary  | Reached skill level 10 in Ranged Weapons
  9104 | Ossuary  | Reached skill level 10 in Stealth
 10047 | D:7      | Reached *** piety under Okawaru
 10555 | D:7      | Reached skill level 11 in Ranged Weapons
 10775 | D:8      | Reached skill level 10 in Dodging
 10939 | D:8      | Noticed Psyche
 10949 | D:8      | Killed Psyche
 10950 | D:8      | Reached XP level 10. HP: 46/46 MP: 11/11
 11054 | D:8      | Reached **** piety under Okawaru
 11249 | D:8      | Found a blossoming altar of Fedhas.
 11284 | D:8      | Reached skill level 12 in Ranged Weapons
 12204 | D:9      | Found a runed translucent door.
 12216 | D:9      | Found a shimmering altar of Xom.
 12216 | D:9      | Noticed BritishOli's ghost (novice DsFi)
 12217 | D:9      | Noticed a +4 dire flail of chaos
 13262 | D:9      | Reached skill level 1 in Invocations
 13584 | D:9      | Found a staircase to the Lair.
 13929 | D:8      | Found a blossoming altar of Fedhas.
 14459 | D:9      | Reached ***** piety under Okawaru
 14585 | D:9      | Reached skill level 13 in Ranged Weapons
 15126 | D:10     | Entered Level 10 of the Dungeon
 15311 | D:10     | Found a broken altar of Ashenzari.
 15312 | D:10     | Found a bloodstained altar of Trog.
 15319 | D:10     | Noticed a cyclops
 15330 | D:10     | Killed a cyclops
 15506 | D:10     | Reached XP level 11. HP: 54/54 MP: 14/14
 15807 | D:10     | Noticed a centaur warrior
 15818 | D:10     | Received a gift from Okawaru
 15819 | D:10     | Reached skill level 5 in Fighting
 16071 | D:10     | Noticed a lindwurm
 16072 | D:10     | Noticed a lindwurm
 16072 | D:10     | Noticed a lindwurm
 16072 | D:10     | Noticed a lindwurm
 16262 | D:10     | Killed a lindwurm
 16273 | D:10     | Killed a lindwurm
 16276 | D:10     | Killed a lindwurm
 16277 | D:10     | Reached skill level 14 in Ranged Weapons
 16279 | D:10     | Killed a lindwurm
 16487 | D:10     | Reached skill level 5 in Invocations
 16522 | D:10     | Noticed an ogre mage
 16530 | D:10     | Paralysed by an ogre mage for 4 turns
 16862 | D:10     | Noticed a two-headed ogre
 17209 | D:10     | Shot with an arrow by a centaur warrior

Illustrated notes

Levels and vault maps discovered:
D:1:      amcnicky_arrival_underground_garden, layout_basic, serial_bayou_pond_e
D:2:      layout_basic
D:3:      layout_rooms, portal_sewer_entry_a, shapermc_ecumenical_altar_venn,
          supply_closet_lemuel
D:4:      kb_forest_paths, layout_basic, uniq_eustachio
D:5:      layout_basic, minmay_temple_entry_statues_pillars,
          ebering_ghost_sewer_f, kennysheep_cross_room
D:6:      layout_loops_corners, nicolae_overflow_crystal_walls, serial_shops,
          shop, uniq_duvessa, uniq_prince_ribbit1
D:7:      layout_basic, riverfiend_overflow_shadow_ancestor,
          chequers_ossuary_entry_cave
D:8:      layout_cave_pools, fedhas_bush_and_centaur_altar, grunt_ministairs_7,
          uniq_psyche
D:9:      layout_stronghold, erik_lair_island, ebering_ghost_xom
D:10:     wad_guarded_room, layout_loops_ring,
          chequers_temple_overflow_statue_of_worship, minmay_lindwurm_lava
Temple:   nicolae_temple_superstar

Skill      XL: |  1  2  3  4  5  6  7  8  9 10 11 |
---------------+----------------------------------+-----
Stealth        | 2 3 4 5 7 9 10 | 10.0
Dodging        | 3 4 5 6 8 10 | 10.0
Ranged Weapons | 5 6 8 9 11 13 14 | 14.0
Fighting       | 4 7 |  7.1
Invocations    | 3 5 |  5.5

Action                   |  1- 3 |  4- 6 |  7- 9 | 10-12 || total
-------------------------+-------+-------+-------+-------++-------
Melee: Dagger            |     8 |       |       |     3 ||    11
 Fire: Shortbow          |    76 |   188 |   389 |   345 ||   998
       Arbalest          |       |       |       |   100 ||   100
  Use: Scroll            |       |     5 |    11 |     2 ||    18
       Potion            |       |       |     1 |       ||     1
Armor: Robe              |     2 |    13 |    13 |     1 ||    29
       Acid dragon scale |       |       |       |    10 ||    10
Dodge: Dodged            |    10 |    92 |   168 |   175 ||   445

Table legend: (Time is in decaauts)
 A = Elapsed time spent in this place.
 B = Non-inter-level travel time spent in this place.
 C = Inter-level travel time spent in this place.
 D = Time resting spent in this place.
 E = Time spent auto-exploring this place.
 F = Levels seen in this place.
 G = Mean time per level.
                   A        B        C        D        E       F      G
               +--------+--------+--------+--------+--------+-----+--------+
         Total |  13461 |  12799 |    662 |   1691 |   8553 |  13 | 1035.5 |
       Dungeon |  13075 |  12429 |    646 |   1691 |   8458 |  10 | 1307.5 |
        Temple |     71 |     55 |     16 |      0 |     43 |   1 |   71.0 |
         Sewer |     76 |     76 |      0 |      0 |     19 |   1 |   76.0 |
       Ossuary |    237 |    237 |      0 |      0 |     32 |   1 |  237.0 |
               +--------+--------+--------+--------+--------+-----+--------+

Top non-repeatable levels by time:
     D:9: 2313 daAuts
     D:4: 2245 daAuts
     D:8: 2047 daAuts
     D:7: 1197 daAuts
     D:6: 1187 daAuts
     D:3: 1026 daAuts
     D:5: 977 daAuts
    D:10: 888 daAuts
     D:2: 656 daAuts
     D:1: 536 daAuts
 Ossuary: 237 daAuts
   Sewer: 76 daAuts
  Temple: 71 daAuts
